 Dungeon Crawl Stone Soup version 0.18.1-2-ga659475 (webtiles) character file.

268 oplop the Sneak (level 6, -1/32 HPs)
             Began as a Vine Stalker Assassin on May 8, 2016.
             Succumbed to a worker ant's poison
             ... on level 4 of the Dungeon.
             The game lasted 00:04:59 (2188 turns).

oplop the Sneak (Vine Stalker Assassin)             Turns: 2188, Time: 00:05:00

Health: -1/32      AC:  6    Str: 13 (14) XL:     6   Next: 21%
Magic:  6/7        EV: 12    Int:  8 (11) God:
Gold:   149        SH:  4    Dex: 16 (17) Spells: 0 memorised, 5 levels left

rFire  . . .     SeeInvis .     b - +0 blowgun
rCold  . . .     Gourm    .     c - +0 robe
rNeg   . . .     Faith    .     B - +0 buckler (curse)
rPois  .         Spirit   +     (no helmet)
rElec  .         Dismiss  .     D - +0 cloak
rCorr  .         Reflect  .     (no gloves)
SustAt .         Harm     .     v - +2 pair of boots
MR     .....                    k - amulet of magic regeneration
Stlth  +++.......               (no ring)
                                (no ring)

@: lethally poisoned (-1 -> -8), very slightly contaminated, invisible, not
resistant to hostile enchantments, fairly stealthy
A: fangs 2, regeneration 2, magic shield, antimagic bite, no device heal 3, rot
immunity
a: no special abilities


You were on level 4 of the Dungeon.
You were not hungry.

You visited 1 branch of the dungeon, and saw 4 of its levels.

You collected 149 gold pieces.

Inventory:

Hand Weapons
 a - a +2 dagger
 b - a +0 blowgun (weapon)
 w - a -1 dagger
Missiles
 e - 8 poisoned needles (quivered)
 f - 2 curare-tipped needles
Armour
 c - a +0 robe (worn)
 v - a +2 pair of boots (worn)
 B - a cursed +0 buckler (worn)
 D - a +0 cloak (worn)
Jewellery
 k - an amulet of magic regeneration (around neck)
 n - an uncursed amulet of rage
 F - an uncursed amulet of the gourmand
Scrolls
 i - 6 scrolls of identify {unknown}
 j - a scroll of remove curse
 r - a scroll of amnesia {unknown}
 s - a scroll of enchant weapon {unknown}
 t - a scroll of noise {unknown}
 x - a scroll of immolation {unknown}
 y - a scroll of teleportation {unknown}
 E - a scroll of recharging {unknown}
Potions
 h - 5 potions of degeneration
 m - a potion of berserk rage {unknown}
 o - a potion of mutation {unknown}
 q - 2 potions of resistance {unknown}
 u - a potion of cancellation {unknown}
 z - 3 potions of lignification {unknown}
 A - a potion of heal wounds {unknown}
 H - a potion of curing {unknown}
Comestibles
 g - 3 bread rations
 p - 3 fruits
 C - a meat ration
 G - a slice of pizza


   Skills:
 + Level 2.9 Fighting
 + Level 3.0 Short Blades
 - Level 1.7 Throwing
 + Level 2.4 Dodging
 + Level 6.4 Stealth
 + Level 1.0 Shields


You had 5 spell levels left.
You didn't know any spells.

Dungeon Overview and Level Annotations

Branches:
Dungeon (4/15)
 Temple: D:4-7

Altars:
Kikubaaqudgha


Innate Abilities, Weirdness & Mutations

You have extremely sharp teeth.
You heal very quickly.
When hurt, damage is shared between your health and your magic reserves.
Your bite disrupts and absorbs the magic of your enemies.
Potions and wands cannot restore your health.
You are immune to rotting.


Message History

* * * LOW HITPOINT WARNING * * *
You are more poisoned.
The worker ant poisons you!
You are too injured to fight recklessly!
Drink which item? (? for menu, Esc to quit)
It was a potion of degeneration.
There was something very wrong with that liquid.
You feel weakened.
You feel dopey.
You feel clumsy.
* * * LOW HITPOINT WARNING * * *
You feel sick. The worker ant barely misses you.
Drink which item? (? for menu, Esc to quit)
Why would you want to do that?
Drink which item? (? for menu, Esc to quit)
It was a potion of invisibility.
You fade into invisibility!
* * * LOW HITPOINT WARNING * * *
You feel sick. The worker ant closely misses you.
You are very lightly contaminated with residual magic.
All of the chunks of flesh in your inventory have rotted away.
You die...

##................##
#..#........###..#...#
#............#..##..#
...#....#.......##.[.###
...##...#......##......# ..
## .................<.##...
..........................
......................:....
................@#a........
.........#....####.#.......
.............#....#...#.
..#...#..###....##
..#...#.## .#.## .. #. ##.#
.. # .## ..


There were no monsters in sight!

Vanquished Creatures
  2 orc priests (D:4)
  8 adders
  2 oozes
  5 worms
  3 dart slugs
  2 giant geckos
  14 orcs
  2 ball pythons (D:1)
  11 bats
  7 giant cockroaches
  4 goblins (D:3)
  12 hobgoblins
  2 jackals (D:3)
  5 giant newts
  10 kobolds
  7 rats
96 creatures vanquished.

Vanquished Creatures (others)
  A human (D:3)
1 creature vanquished.

Grand Total: 97 creatures vanquished

Notes
Turn   | Place    | Note
--------------------------------------------------------------
     0 | D:1      | oplop the Vine Stalker Assassin began the quest for the Orb.
     0 | D:1      | Reached XP level 1. HP: 11/11 MP: 2/2
    18 | D:1      | Reached skill level 1 in Dodging
    18 | D:1      | Reached skill level 5 in Stealth
    20 | D:1      | Reached XP level 2. HP: 11/15 MP: 1/3
   351 | D:1      | Reached XP level 3. HP: 17/18 MP: 4/4
   561 | D:2      | Reached XP level 4. HP: 10/23 MP: 2/5
   939 | D:2      | Reached XP level 5. HP: 24/27 MP: 6/6
  1272 | D:3      | Found an ancient bone altar of Kikubaaqudgha.
  1275 | D:3      | Noticed a human
  1276 | D:3      | Killed a human
  1326 | D:3      | Reached skill level 6 in Stealth
  2088 | D:4      | Gained mutation: You heal very quickly. [Vine Stalker growth]
  2088 | D:4      | Reached XP level 6. HP: 32/32 MP: 7/7
  2118 | D:4      | Reached skill level 1 in Shields
  2186 | D:4      | HP: 1/32 [poisoned by a worker ant]
  2188 | D:4      | Succumbed to a worker ant's poison

Skill      XL: |  1  2  3  4  5  6 |
---------------+-------------------+-----
Dodging        | 1 2 |  2.4
Stealth        | 5 6 |  6.4
Short Blades   | 2 3 |  3.0
Fighting       | 2 |  2.9
Shields        | 1 |  1.0
Throwing       | |  1.7

Action                   |  1- 3 |  4- 6 || total
-------------------------+-------+-------++-------
Melee: Dagger            |    69 |   262 ||   331
       Bite              |    12 |    57 ||    69
  Use: Scroll            |       |     1 ||     1
       Potion            |       |     2 ||     2
 Stab: Sleeping          |     8 |    11 ||    19
  Eat: Chunk             |       |     4 ||     4
       Fruit             |       |     1 ||     1
Armor: Robe              |    18 |    60 ||    78
Dodge: Dodged            |    43 |   139 ||   182
Block: Buckler           |       |    12 ||    12
